[Event "Live Chess"]
[Site "Chess.com"]
[Date "2024.06.02"]
[Round "-"]
[White "r0ad_t0-gm"]
[Black "WelshTiger"]
[Result "0-1"]
[WhiteElo "2261"]
[BlackElo "2441"]
[TimeControl "300"]
[EndTime "1:24:57 PDT"]
[Termination "WelshTiger won by checkmate"]

1. Nf3 d5 2. g3 Nf6 3. Bg2 g6 4. c4 c6 5. b3 Bg7 6. Bb2 O-O 7. O-O Bg4 8. d3 Bxf3 9. Bxf3 Re8 10. Bg2 e5 11. Nd2 Nbd7 12. cxd5 Nxd5 13. Rc1 Nf8 14. a3 Ne6 15. b4 Nd4 16. e3 Ne6 17. Nc4 f6 18.
Qc2 Qd7 19. Rfd1 Rad8 20. Na5 Bf8 21. Nb3 Ne7 22. d4 exd4 23. Nxd4 Nxd4 24. Bxd4 Qe6 25. Qb2 Bg7 26. Bxa7 Nd5 27. Bd4 Rd7 28. a4 Red8 29. b5 Ne7 30. Qc2 Nd5 31. bxc6 bxc6 32. Qxc6 Qxc6 33.
Rxc6 Nb4 34. Rb6 Nc2 35. a5 f5 36. a6 Nxd4 37. exd4 Bxd4 38. Rbb1 Kg7 39. h4 Kf6 40. Rxd4 Rxd4 41. a7 Ra4 42. Rb6+ Ke5 43. a8=Q Rdxa8 44.
Bxa8 Rxa8 45. Kg2 Rd8 46. Rb7 h5 47. Rg7 Rd6 48. Ra7 Kf6 49. Ra8 Rb6 50. Rf8+ Kg7 51. Rc8 Rb4 52. Rc7+ Kh6 53. Rc6 f4 54. Rc7 fxg3 55.
fxg3 Rb2+ 56. Kh3 Rb3 57. Rc8 Rb7 58. Rh8+ Kg7 59. Ra8 Rc7 60. Rb8 Ra7 61. Rc8 Re7 62.
Rb8 Kf6 63. Rc8 Kf5 64. Rf8+ Ke4 65. Rg8 Re6 66. Rf8 Ke3 67. Rf4 Ra6 68. Rf8 Ra1 69.
Re8+ Kf3 70. Rf8+ Ke4 71. Rg8 Kf5 72. Rf8+ Ke6 73. Rf4 Rh1+ 74. Kg2 Rb1 75. Rf2 Rb3 76. Kh3 Ra3 77. Rf4 Ra8 78. Rf2 Rb8 79. Kg2 Rb7 80. Rf3 Rb6 81. Rf2 Rb3 82. Rf3 Rb2+ 83. Rf2 Rb1 84.
Rf3 Ke5 85. Rf2 Ke4 86. Re2+ Kf5 87. Rf2+ Ke6 88. Re2+ Kf6 89. Rf2+ Kg7 90. Re2 Rb3 91. Rf2 g5 92. Rf3 Rb2+ 93. Rf2 Rb5 94. hxg5 Rxg5 95. Kh3 Kg6 96. Rf4 Rb5 97. Rh4 Rb1 98. Rf4 Rh1+ 99. Kg2 Ra1 100. Rh4 Kg5 101. Rf4 Ra3 102. Kh3 Ra2 103.
Rh4 Rb2 104. Rf4 Rd2 105. Rh4 Rf2 106. Rf4 Re2 107. Rh4 Re1 108. Rf4 Rh1+ 109. Kg2 Ra1 110. Rh4 Ra5 111. Kh3 Rb5 112. Rf4 Kh6 113. Rh4 Rg5 114. Rf4 Rg6 115. Rh4 Rg8 116. Rf4 Rg7 117. Rh4 Rg6 118. Rf4 Rb6 119. Rh4 Ra6 120. Rf4 Ra2 121. Rh4 Kg6 122. Rg4+ hxg4+ 123.
Kxg4 Ra4+ 124. Kf3 Kg5 125. Kg2 Ra3 126. Kh3 Rb3 127. Kg2 Kg4 128. Kf2 Rxg3 129. Ke2 Rf3 130. Kd2 Kf4 131. Ke2 Ke4 132. Kd2 Re3 133. Kd1 Kd3 134. Kc1 Kc3 135. Kd1 Re4 136. Kc1 Re1# 0-1

[Event "Live Chess"]
[Site "Chess.com"]
[Date "2024.06.02"]
[Round "-"]
[White "Duke_of_Bebington"]
[Black "imchessive"]
[Result "0-1"]
[WhiteElo "1666"]
[BlackElo "1594"]
[TimeControl "300"]
[EndTime "1:25:00 PDT"]
[Termination "imchessive won by checkmate"]

1. e4 c5 2. c3 e6 3. d4 d5 4.
exd5 exd5 5. Nf3 Nf6 6. Bg5 Be7 7. Bd3 O-O 8. O-O Nc6 9. Ne5 cxd4 10. Nxc6 bxc6 11. cxd4 Rb8 12. Qe2 h6 13. Bh4 Re8 14. Nc3 Ba3 15. Bxf6 Qxf6 16. Qd2 Rxb2 17. Qd1 Bf5 18.
Bxf5 Qxf5 19. Qa4 Bd6 20. Rab1 Rxb1 21. Rxb1 Qd3 22. Qxc6 Re6 23. Qc8+ Kh7 24. Rf1 Bxh2+ 25. Kxh2 Qxf1 26. Nxd5 Qxf2 27. Qb7 Qh4+ 28. Kg1 Re1# 0-1

[Event "Live Chess"]
[Site "Chess.com"]
[Date "2024.06.02"]
[Round "-"]
[White "booktrunk"]
[Black "ZatixMajor"]
[Result "0-1"]
[WhiteElo "1508"]
[BlackElo "2014"]
[TimeControl "300"]
[EndTime "1:25:00 PDT"]
[Termination "ZatixMajor won by resignation"]

1. d4 Nf6 2. Nc3 g6 3. Bf4 Bg7 4. Nb5 d6 5. e3 a6 6. Nc3 O-O 7.
Nf3 Nh5 8. Bd3 Nxf4 9. exf4 Bg4 10. h3 Bxf3 11. Qxf3 Nc6 12. O-O-O Bxd4 13. Ne2 Bg7 14. Rhe1 Nb4 15. a3 Nxd3+ 16. Rxd3 c5 17. Nc3 b5 18. Nd5 e6 19. Ne3 b4 20. axb4 cxb4 21. Red1 Qa5 22.
Rxd6 Qa1+ 23. Kd2 Qxb2 24. Nc4 Qa2 25. Ke1 Qxc4 26. g4 Bc3+ 27. R1d2 Rad8 28. Rxd8 Rxd8 29. Qd1 0-1

[Event "Live Chess"]
[Site "Chess.com"]
[Date "2024.06.02"]
[Round "-"]
[White "jimwad"]
[Black "KyryloPoluliakh"]
[Result "1/2-1/2"]
[WhiteElo "1319"]
[BlackElo "1538"]
[TimeControl "300"]
[EndTime "1:25:11 PDT"]
[Termination "Game drawn by agreement"]

1. d4 Nf6 2. c4 g6 3. Nc3 Bg7 4. Nf3 O-O 5. Bf4 d6 6. e3 Nc6 7. Bd3 Re8 8. O-O e5 9. dxe5 dxe5 10. Bg5 h6 11. Bxf6 Bxf6 12. Be4 Nb4 13. Qxd8 Rxd8 14. a3 Na6 15. b4 Bg7 16. Nd5 f5 17. Bc2 e4 18.
Nd4 c6 19. Ne7+ Kf7 20. Nxc8 Raxc8 21. Rfd1 c5 22. bxc5 Nxc5 23. Rab1 b6 24. Nb3 Nxb3 25. Bxb3 Rxd1+ 26. Rxd1 Ke7 27. f3 exf3 28. gxf3 a5 29. a4 Rd8 30. Rxd8 Kxd8 31. Kf2 Kc7 32. h3 Kc6 33. e4 fxe4 34. fxe4 Kc5 35. Ke3 Kb4 36. Bc2 Kxc4 37. e5 Bxe5 38. Bxg6 Kb4 39. Be8 Bf6 40.
Ke4 Bg5 41. Kf5 Kc5 42. Kg4 Bd2 43. Bb5 Bc1 44. h4 Bd2 45. h5 Bg5 46. Kf5 Kd5 47.
Kg4 Kd4 48. Kf5 Ke3 49. Kg4 Kf2 50. Bc6 Bd2 51. Bb5 Kg2 52. Bc6+ Kh2 53. Bd7 Kg2 54. Bc6+ Kf2 55. Bb5 Bg5 56. Bc6 Ke3 57. Bb5 Kd4 58. Be8 Kc5 59. Bb5 Kb4 60. Kf5 Kc5 61. Kg4 Kd6 62.
Kf5 Kd5 63. Kg4 Ke4 64. Bc6+ Ke5 65. Bb5 1/2-1/2

[Event "Live Chess"]
[Site "Chess.com"]
[Date "2024.06.02"]
[Round "-"]
[White "GoldsmanB"]
[Black "Dhaydon19"]
[Result "0-1"]
[WhiteElo "1102"]
[BlackElo "2633"]
[TimeControl "300"]
[EndTime "1:25:16 PDT"]
[Termination "Dhaydon19 won by checkmate"]

1. d4 c6 2. e4 d5 3. e5 c5 4. Nf3 cxd4 5. Nxd4 Nc6 6. Nxc6 bxc6 7. c4 e6 8. Nc3 Ne7 9. Bg5 Qc7 10. Be2 Qxe5 11. Bxe7 Bxe7 12. O-O O-O 13. Qd3 Ba6 14. b3 Rad8 15.
Qc2 d4 16. Na4 c5 17. Rfd1 Bb7 18. g3 Qe4 19. Bd3 Qg2# 0-1

[Event "Live Chess"]
[Site "Chess.com"]
[Date "2024.06.02"]
[Round "-"]
[White "KeithArkell"]
[Black "silunn"]
[Result "0-1"]
[WhiteElo "2392"]
[BlackElo "2180"]
[TimeControl "300"]
[EndTime "1:25:40 PDT"]
[Termination "silunn won by resignation"]

1. d4 e6 2. Nf3 d5 3. Bg5 Nf6 4. Nbd2 Be7 5. Bxf6 Bxf6 6. e4 dxe4 7. Nxe4 Nd7 8. Bd3 O-O 9. Qe2 e5 10. Nxf6+ Qxf6 11. dxe5 Qb6 12. c3 Re8 13. O-O f6 14. Ng5 fxg5 15. Qh5 g6 16. Qxg5 Nc5 17. Bc4+ Be6 18.
Bxe6+ Rxe6 19. b4 Nd3 20. Rad1 Nxe5 21. Rfe1 Rae8 22. Kh1 Ng4 23. Rxe6 Nxf2+ 24. Kg1 Nh3+ 0-1

[Event "Live Chess"]
[Site "Chess.com"]
[Date "2024.06.02"]
[Round "-"]
[White "MaksymYurii"]
[Black "NottheBishopSacrifice"]
[Result "0-1"]
[WhiteElo "982"]
[BlackElo "2305"]
[TimeControl "300"]
[EndTime "1:26:15 PDT"]
[Termination "NottheBishopSacrifice won by checkmate"]

1. e4 c6 2. Nf3 d5 3. exd5 cxd5 4. d4 Nc6 5. Nc3 Bg4 6. Be2 e6 7. h3 Bh5 8. Ne5 Bxe2 9. Qxe2 Nxe5 10. Qxe5 Nf6 11. Bg5 Be7 12. Nb5 Qa5+ 13. c3 Qxb5 14. O-O-O O-O 15. Rhe1 Rac8 16. Re3 h6 17. Bxh6 gxh6 18.
Rg3+ Kh8 19. Qe3 Kh7 20. Rd3 Rg8 21. Rf3 Rg6 22. g4 Kg8 23. h4 Nxg4 24. Qf4 f5 25.
h5 Bg5 26. Qxg5 Rxg5 27. Rg3 Rxh5 28. f3 Qxd3 29. fxg4 Rh1+ 30. Rg1 Rxg1# 0-1

[Event "Live Chess"]
[Site "Chess.com"]
[Date "2024.06.02"]
[Round "-"]
[White "TheSmoulderingMaster"]
[Black "Tatarinov_Maxim"]
[Result "0-1"]
[WhiteElo "1738"]
[BlackElo "2271"]
[TimeControl "300"]
[EndTime "1:26:20 PDT"]
[Termination "Tatarinov_Maxim won by resignation"]

1. e4 c5 2. Nf3 Nc6 3. d4 cxd4 4. Nxd4 Nf6 5. Nc3 e5 6. Ndb5 d6 7. Bg5 a6 8. Na3 b5 9. Nd5 Be7 10. Bxf6 Bxf6 11. Bd3 Rb8 12. c3 Bg5 13. O-O O-O 14.
f4 exf4 15. Nxf4 b4 16. Nc4 bxc3 17. bxc3 Bxf4 18. Rxf4 Ne5 19. Ne3 Qb6 20. Qe2 Bg4 21.
Qf2 Nxd3 0-1

[Event "Live Chess"]
[Site "Chess.com"]
[Date "2024.06.02"]
[Round "-"]
[White "Ferrarifan27"]
[Black "RockTroll"]
[Result "1-0"]
[WhiteElo "2144"]
[BlackElo "2176"]
[TimeControl "300"]
[EndTime "1:26:21 PDT"]
[Termination "Ferrarifan27 won by resignation"]

1. e4 c6 2. d4 d5 3. e5 Bf5 4. h4 h5 5. Bg5 Qb6 6. Bd3 Bxd3 7. Qxd3 e6 8. Nc3 Qa6 9. O-O-O Qxd3 10. Rxd3 c5 11.
dxc5 Bxc5 12. Be3 Nd7 13. Nf3 Ne7 14. Nb5 a6 15. Nc7+ 1-0

[Event "Live Chess"]
[Site "Chess.com"]
[Date "2024.06.02"]
[Round "-"]
[White "DavrosLight"]
[Black "ProfPoisson"]
[Result "1-0"]
[WhiteElo "791"]
[BlackElo "1333"]
[TimeControl "300"]
[EndTime "1:26:38 PDT"]
[Termination "DavrosLight won by checkmate"]

1. e4 e5 2. Nc3 Nf6 3. f4 d5 4.
fxe5 Nxe4 5. Qf3 Bc5 6. Nxe4 dxe4 7. Qxe4 O-O 8. Bd3 f5 9. Qc4+ Kh8 10. Qxc5 Nc6 11. b3 f4 12. Bb2 Qh4+ 13. Qf2 Qe7 14. Nf3 Bg4 15. Qh4 Bf5 16. Bxf5 Rxf5 17. Qxe7 Nxe7 18.
O-O-O Rd8 19. Nh4 Rg5 20. Rhf1 Nd5 21. c4 Nb4 22. d4 Nxa2+ 23. Kb1 Nb4 24. Rxf4 h6 25.
Rdf1 a5 26. Rf8+ Rxf8 27. Rxf8+ Kh7 28. e6 Rh5 29. e7 Rxh4 30. e8=Q Rxh2 31. Rh8# 1-0

[Event "Live Chess"]
[Site "Chess.com"]
[Date "2024.06.02"]
[Round "-"]
[White "WeakOldFinished"]
[Black "ameetghasi100"]
[Result "0-1"]
[WhiteElo "2149"]
[BlackElo "2792"]
[TimeControl "300"]
[EndTime "1:27:04 PDT"]
[Termination "ameetghasi100 won by resignation"]

1. d4 c5 2. d5 Nf6 3. c4 d6 4.
Nc3 g6 5. e4 Bg7 6. f4 O-O 7. Nf3 Bg4 8. h3 Bxf3 9. Qxf3 Nbd7 10. Bd3 a6 11. a4 e6 12. dxe6 fxe6 13. O-O Qc7 14. Bd2 Rae8 15. Rae1 Nh5 16. Qg4 Bd4+ 17. Be3 Ndf6 18. Qh4 Qb6 19. Bxd4 cxd4 20. Ne2 Qxb2 21. f5 Qd2 22. Rf3 g5 23. Qf2 e5 24. Nc1 Qxf2+ 25.
Kxf2 Nf4 26. Bf1 Re7 27. Rb3 Rc8 28. g3 N4h5 29. Bd3 Rcc7 30. Ne2 Nd7 31. Rd1 Nc5 32. Rb6 Rc6 33. a5 Rxb6 34. axb6 Nf6 35. Kf3 h5 36. g4 hxg4+ 37. hxg4 Rh7 38. Ng3 Rh3 39. Bf1 Rh4 0-1

[Event "Live Chess"]
[Site "Chess.com"]
[Date "2024.06.02"]
[Round "-"]
[White "yarek"]
[Black "JanMur7"]
[Result "0-1"]
[WhiteElo "1733"]
[BlackElo "2274"]
[TimeControl "300"]
[EndTime "1:27:17 PDT"]
[Termination "JanMur7 won by checkmate"]

1. e4 g6 2. d4 Bg7 3. c3 c5 4.
Be3 cxd4 5. cxd4 d5 6. e5 Nc6 7. h3 f6 8. exf6 Nxf6 9. Nf3 O-O 10. Bd3 Ne4 11. O-O Bf5 12. Nc3 e6 13. Bxe4 dxe4 14. Ng5 Nxd4 15. Bxd4 Qxd4 16. Qxd4 Bxd4 17. Ngxe4 b6 18.
Rac1 Rfd8 19. Rfe1 Rac8 20. Ng5 Rc6 21. Nb5 Rxc1 22.
Rxc1 Bc5 23. Nxa7 Rd2 24. b4 Bxf2+ 25. Kh1 Be3 26. Rc8+ Kg7 27. Rc7+ Kh6 28. Nf7+ Kh5 29. g4+ Kh4 30. gxf5 Kg3 31. Rc1 Rh2# 0-1

[Event "Live Chess"]
[Site "Chess.com"]
[Date "2024.06.02"]
[Round "-"]
[White "NeilDruggan73"]
[Black "RichardABates"]
[Result "0-1"]
[WhiteElo "1711"]
[BlackElo "2373"]
[TimeControl "300"]
[EndTime "1:27:50 PDT"]
[Termination "RichardABates won by resignation"]

1. d4 Nf6 2. Bg5 d5 3. Bxf6 exf6 4. e3 c5 5. Nf3 Nc6 6. Be2 Qb6 7. b3 cxd4 8. exd4 Bb4+ 9. c3 Bd6 10. O-O O-O 11. Bd3 Bg4 12. Nbd2 Rfe8 13. h3 Bh5 14. Bxh7+ Kxh7 15. Ng5+ fxg5 16. Qxh5+ Kg8 17. Nf3 Be7 18. Rae1 Bf6 19.
Nxg5 Bxg5 20. Qxg5 Qa5 21. Re3 Rxe3 22. fxe3 Qxc3 23.
Qxd5 Qxe3+ 24. Kh1 Qe7 25. Rf3 Rd8 26. Qh5 Nxd4 27.
Rf4 Ne6 28. Rh4 f6 29. Qh8+ Kf7 30. Qh5+ g6 31. Qh7+ Ng7 32. Rg4 Rd1+ 33. Kh2 Qe5+ 34. Rg3 Rh1+ 35. Kxh1 Qxg3 36. Qh8 Qe1+ 37. Kh2 Qe8 38. Qh4 Qe5+ 39. Kh1 Qa1+ 40. Kh2 Qxa2 41. Qc4+ Ne6 42. Qd5 Qa3 43. Qxb7+ Qe7 44. Qd5 Kg7 45. b4 Nf4 46. b5 Nxd5 0-1

[Event "Live Chess"]
[Site "Chess.com"]
[Date "2024.06.02"]
[Round "-"]
[White "Dhaydon19"]
[Black "AlanBstard10"]
[Result "1-0"]
[WhiteElo "2633"]
[BlackElo "1203"]
[TimeControl "300"]
[EndTime "1:28:02 PDT"]
[Termination "Dhaydon19 won by resignation"]

1. d4 Nf6 2. Nf3 d5 3. g3 Bg4 4. Bg2 Bxf3 5. exf3 c6 6. O-O g6 7.
f4 Bg7 8. c3 O-O 9. Nd2 Nbd7 10.
Nf3 Rb8 11. Re1 Qb6 12. Ne5 Nxe5 13. fxe5 Nd7 14. e6 fxe6 15. Rxe6 Rbe8 16. Qe2 Nf6 17. Bg5 h6 18. Bf4 g5 19. Be5 Ne4 20. Bxe4 Bxe5 21.
Bg6 Bg7 22. Bxe8 Rxe8 23. Re1 Bf6 24. Rxf6 Kg7 25. Re6 1-0

[Event "Live Chess"]
[Site "Chess.com"]
[Date "2024.06.02"]
[Round "-"]
[White "CheckThis4"]
[Black "nyclone"]
[Result "1-0"]
[WhiteElo "2695"]
[BlackElo "1129"]
[TimeControl "300"]
[EndTime "1:28:03 PDT"]
[Termination "CheckThis4 won by checkmate"]

1. d4 e6 2. e4 b6 3. Nc3 Bb7 4. a3 d5 5. e5 Nd7 6. Qg4 Nh6 7.
Bxh6 gxh6 8. Nf3 Qe7 9. Bb5 O-O-O 10. O-O-O f5 11. exf6 Nxf6 12. Qh3 Kb8 13. Rhe1 Bc8 14. Ne5 Bg7 15. Nc6+ Kb7 16. Nxe7 a6 17. Bc6+ Ka7 18. Nxc8+ Rxc8 19. Rxe6 Ne4 20. Nxe4 dxe4 21. Re7 Bf6 22. Rf7 Bg5+ 23. Kb1 Kb8 24. d5 Rcd8 25. d6 Rxd6 26. Rxd6 cxd6 27. Qd7 e3 28. Qb7# 1-0

[Event "Live Chess"]
[Site "Chess.com"]
[Date "2024.06.02"]
[Round "-"]
[White "Bradfield133"]
[Black "jellhhggffhjjjjjj"]
[Result "1-0"]
[WhiteElo "1884"]
[BlackElo "403"]
[TimeControl "300"]
[EndTime "1:28:13 PDT"]
[Termination "Bradfield133 won by checkmate"]

1. c4 d5 2. cxd5 Nf6 3. g3 e6 4. dxe6 Bxe6 5. Bg2 c6 6. Nf3 Nbd7 7. O-O Be7 8. d3 Nd5 9. Nc3 N7b6 10. Bd2 Bd6 11. Rc1 Qc7 12. Nb5 Qd7 13. Nxd6+ Qxd6 14. Nd4 O-O-O 15. Nb5 Qd7 16. e4 Nf6 17. Bf4 h6 18.
Nxa7# 1-0

[Event "Live Chess"]
[Site "Chess.com"]
[Date "2024.06.02"]
[Round "-"]
[White "gunslinger222"]
[Black "EdenHazard8"]
[Result "0-1"]
[WhiteElo "2254"]
[BlackElo "2200"]
[TimeControl "300"]
[EndTime "1:28:34 PDT"]
[Termination "EdenHazard8 won by resignation"]

1. d4 Nf6 2. c4 e6 3. Nc3 b6 4. Nf3 Bb4 5. Bg5 Bb7 6. e3 Bxc3+ 7. bxc3 h6 8. Bh4 g5 9. Bg3 d6 10. Bd3 Nbd7 11. Qc2 Qe7 12. h4 g4 13. Nd2 Bxg2 14.
Rg1 Bb7 15. e4 e5 16. a4 a5 17. Rb1 O-O-O 18. Nb3 exd4 19. cxd4 Nxe4 20. Kf1 Nxg3+ 21. Rxg3 Qxh4 22. Be4 Ba6 23. Nxa5 bxa5 24. Qb3 Nb6 25.
Kg2 Rhe8 26. Bf5+ Kb8 27. c5 dxc5 28. dxc5 Bb7+ 0-1

[Event "Live Chess"]
[Site "Chess.com"]
[Date "2024.06.02"]
[Round "-"]
[White "r0ad_t0-gm"]
[Black "Duke_of_Bebington"]
[Result "1-0"]
[WhiteElo "2262"]
[BlackElo "1665"]
[TimeControl "300"]
[EndTime "1:28:41 PDT"]
[Termination "r0ad_t0-gm won by resignation"]

1. Nf3 d5 2. g3 Nf6 3. Bg2 c6 4. O-O Bf5 5. d3 Nbd7 6. c4 e6 7. cxd5 exd5 8. Nc3 Bd6 9. Nh4 Be6 10. e4 dxe4 11.
dxe4 Be5 12. Nf3 Bxc3 13. bxc3 O-O 14. Re1 Nc5 15. Qc2 Qd3 16. Qxd3 Nxd3 17. Re3 Nxc1 18. Rxc1 Rad8 19. a4 Rd7 20. Nd4 Bc4 21. Bh3 Rdd8 22. e5 Nd5 23. Ree1 Rfe8 24. e6 Ne7 25. Rb1 b6 26. a5 c5 27. Nb5 Nd5 28. exf7+ Kxf7 29. Rxe8 Rxe8 30. Nd6+ Ke7 31. Nxe8 Kxe8 32. axb6 axb6 33. Be6 Nxc3 34. Rxb6 Bxe6 35. Rxe6+ Kf7 36. Rc6 Ne4 37. f3 Nd2 38. Kf2 c4 39. Ke2 1-0

[Event "Live Chess"]
[Site "Chess.com"]
[Date "2024.06.02"]
[Round "-"]
[White "matt1979"]
[Black "LL220284LL"]
[Result "0-1"]
[WhiteElo "1409"]
[BlackElo "2498"]
[TimeControl "300"]
[EndTime "1:28:52 PDT"]
[Termination "LL220284LL won by checkmate"]

1. f4 g6 2. Nf3 Bg7 3. e4 c6 4. d3 d6 5. Be2 Nf6 6. O-O Nbd7 7. c3 e5 8. f5 Qb6+ 9. Kh1 O-O 10. fxg6 fxg6 11.
b3 Nc5 12. Bg5 Ne6 13. Bh4 Ng4 14. d4 Ne3 15. Qd2 Nxf1 16. Bxf1 exd4 17. c4 d3 18. Bf2 Qd8 19. Nc3 Qf6 20. Rc1 Nc5 21. b4 Nd7 22.
Qxd3 Ne5 23. Nxe5 Qxf2 24. Nf3 Bg4 25. Rc2 Qb6 26. a3 Rad8 27. Be2 Qc7 28. Ng5 Bxe2 29.
Qxe2 Qe7 30. Qg4 Rf1# 0-1

[Event "Live Chess"]
[Site "Chess.com"]
[Date "2024.06.02"]
[Round "-"]
[White "peteopeteo"]
[Black "vincents82"]
[Result "0-1"]
[WhiteElo "1541"]
[BlackElo "2014"]
[TimeControl "300"]
[EndTime "1:29:01 PDT"]
[Termination "vincents82 won by resignation"]

1. e4 d5 2. exd5 Qxd5 3. Nc3 Qd8 4. d4 Nf6 5. Nf3 Bg4 6. Be2 e6 7. h3 Bxf3 8. Bxf3 c6 9. O-O Nbd7 10. Re1 Be7 11.
Be3 O-O 12. Ne4 Nxe4 13. Bxe4 Nf6 14. Bd3 Qc7 15. c3 Rfd8 16. Bb1 c5 17. Qc2 cxd4 18. Bg5 d3 19. Qd2 Qd6 20. Re3 Ne4 21. Rxe4 Bxg5 22. Qxg5 d2 23. Rd4 Qxd4 24. Bxh7+ Kxh7 25. Qh5+ Kg8 26. cxd4 Rxd4 27. Rd1 Rad8 28. Qf3 b6 29. Kf1 Rd3 30. Qe2 R8d7 31. Qe4 g6 32. Ke2 R3d4 33. Qe3 Kg7 34. Rxd2 Rxd2+ 35. Qxd2 Rxd2+ 36. Kxd2 Kf6 37. Ke3 Ke5 38. f4+ Kf5 39. g4+ Kf6 40. Ke4 g5 41. h4 gxh4 42. g5+ Kg6 43. Kf3 Kf5 44. b4 h3 45. Kg3 h2 46. Kxh2 Kxf4 47. Kg2 Kxg5 48. Kf3 Kf5 49. Ke3 Ke5 50. a4 Kd5 51. a5 bxa5 52.
bxa5 e5 53. a6 f5 54. Kf3 f4 0-1

[Event "Live Chess"]
[Site "Chess.com"]
[Date "2024.06.02"]
[Round "-"]
[White "JohanKjeldahl"]
[Black "Eva3337"]
[Result "0-1"]
[WhiteElo "1828"]
[BlackElo "1181"]
[TimeControl "300"]
[EndTime "1:29:15 PDT"]
[Termination "Eva3337 won by checkmate"]

1. e4 Nc6 2. d4 d6 3. Nc3 a6 4. Nf3 g6 5. Bc4 e6 6. O-O Bg7 7. Be3 Nf6 8. Qd2 O-O 9. Rad1 Ng4 10. Bg5 f6 11. Bh4 Qe8 12. h3 Nh6 13. d5 Ne5 14. Nxe5 fxe5 15. dxe6 Bxe6 16. Bxe6+ Qxe6 17. Nd5 Qd7 18. c4 Rad8 19. Bxd8 Qxd8 20. Qb4 b6 21. Ne3 Nf7 22.
Qa4 a5 23. a3 Ng5 24. Qc6 Bh6 25. Nd5 Ne6 26. Nc3 Rf7 27. Qd5 Nf4 28. Qb5 Qg5 29.
g3 Nxh3+ 30. Kg2 Nf4+ 31. Kg1 Nh3+ 32. Kh2 Nxf2 33. Qe8+ Bf8 34. Kg2 Qf6 35. Nd5 Qf3+ 36. Kg1 Qxg3# 0-1

[Event "Live Chess"]
[Site "Chess.com"]
[Date "2024.06.02"]
[Round "-"]
[White "KeithArkell"]
[Black "GoldsmanB"]
[Result "1-0"]
[WhiteElo "2392"]
[BlackElo "1102"]
[TimeControl "300"]
[EndTime "1:29:36 PDT"]
[Termination "KeithArkell won by checkmate"]

1. d4 Nf6 2. Nf3 e6 3. c4 Bb4+ 4. Bd2 Bxd2+ 5. Qxd2 O-O 6. Nc3 d5 7. cxd5 exd5 8. e3 c6 9. Qc2 Be6 10. Bd3 Nbd7 11. Ng5 g6 12. Nxe6 fxe6 13. O-O Qc7 14. h3 Rf7 15. e4 dxe4 16. Nxe4 Nxe4 17. Bxe4 Nf6 18. Bf3 Rd8 19. Rad1 Rfd7 20. Rfe1 Re8 21. Qc4 Rd6 22. Re5 b5 23. Qb3 Nd5 24. Rde1 Qb6 25. Qd3 Nb4 26. Qe2 Nxa2 27. Bg4 Nb4 28. Bxe6+ Kg7 29. Bb3 Rxe5 30. Qxe5+ Rf6 31. Qe7+ Rf7 32. Qxf7+ Kh6 33. Qf8+ Kg5 34. Re5+ Kh4 35. Qf4# 1-0

[Event "Live Chess"]
[Site "Chess.com"]
[Date "2024.06.02"]
[Round "-"]
[White "AlanBstard10"]
[Black "jellhhggffhjjjjjj"]
[Result "1-0"]
[WhiteElo "1203"]
[BlackElo "402"]
[TimeControl "300"]
[EndTime "1:29:37 PDT"]
[Termination "AlanBstard10 won by resignation"]

1. b4 g6 2. Bb2 Bg7 3. Bxg7 Nf6 4.
Bxh8 e5 5. a3 d6 6. Nc3 Be6 7. e3 Nc6 8. b5 Nb4 9. axb4 Bb3 10.
cxb3 Qe7 11. Bxf6 Qxf6 12. Nd5 1-0

[Event "Live Chess"]
[Site "Chess.com"]
[Date "2024.06.02"]
[Round "-"]
[White "RockTroll"]
[Black "NottheBishopSacrifice"]
[Result "0-1"]
[WhiteElo "2171"]
[BlackElo "2312"]
[TimeControl "300"]
[EndTime "1:30:13 PDT"]
[Termination "NottheBishopSacrifice won by checkmate"]

1. e4 e5 2. Nf3 Nc6 3. Nc3 Nf6 4.
Bb5 Bd6 5. d3 O-O 6. g4 a6 7.
Bc4 Bc5 8. Rg1 d6 9. Bg5 Be6 10.
Nd5 Bxd5 11. Bxd5 Ne7 12. Bxf6 gxf6 13. Nh4 c6 14. Bb3 Ng6 15. Nf5 d5 16. Qf3 dxe4 17. Qxe4 Qb6 18. O-O-O a5 19. g5 a4 20. Bc4 a3 21. b3 Qb4 22. gxf6 Qc3 23. Nh6+ Kh8 24. Nxf7+ Rxf7 25. Bxf7 Bb4 26. Rdf1 Qa1# 0-1

[Event "Live Chess"]
[Site "Chess.com"]
[Date "2024.06.02"]
[Round "-"]
[White "lateforthesky"]
[Black "stevochess11"]
[Result "0-1"]
[WhiteElo "2085"]
[BlackElo "1709"]
[TimeControl "300"]
[EndTime "1:30:31 PDT"]
[Termination "stevochess11 won by resignation"]

1. e4 c5 2. Nf3 g6 3. c3 Nc6 4. d4 cxd4 5. Nxd4 Bg7 6. Bc4 Nf6 7. Nxc6 bxc6 8. e5 Ne4 9. Qe2 d5 10. exd6 Nxd6 11. Bb3 O-O 12. O-O a5 13. Re1 Nf5 14. Bg5 Ba6 15. Qe4 Re8 16. Bc4 Nd6 17. Bxe7 Nxe4 18. Bxd8 Bxc4 19. Bc7 Bd3 20. Na3 Rac8 21.
Bxa5 Rb8 22. Rad1 Rxb2 23. Rxd3 Rxa2 24. Bb4 f5 25. f3 Nf6 26. Rxe8+ Nxe8 27. Nc4 Ra1+ 28.
Kf2 Bf6 29. Na5 c5 30. Bxc5 Ra2+ 31. Ke3 Rxa5 32. Bd4 Bxd4+ 33. Kxd4 Kf7 34. Re3 Nc7 35. c4 Ne6+ 0-1

[Event "Live Chess"]
[Site "Chess.com"]
[Date "2024.06.02"]
[Round "-"]
[White "seasidecastle27"]
[Black "Ferrarifan27"]
[Result "0-1"]
[WhiteElo "1961"]
[BlackElo "2148"]
[TimeControl "300"]
[EndTime "1:30:50 PDT"]
[Termination "Ferrarifan27 won by resignation"]

1. d4 Nf6 2. Nf3 d5 3. Bf4 Bf5 4. e3 e6 5. Bd3 Bxd3 6. Qxd3 c6 7. Nbd2 Bd6 8. Bg3 O-O 9. e4 dxe4 10. Nxe4 Nxe4 11. Qxe4 Na6 12. c3 Re8 13. Bxd6 Qxd6 14. Ng5 f5 15. Qe5 Qxe5+ 16. dxe5 h6 17. Nf3 Rad8 18.
Rd1 Rxd1+ 19. Kxd1 Rd8+ 20. Ke2 Nc5 21. Rd1 Rxd1 22.
Kxd1 Nd3 23. Kc2 Nxf2 24. Nd4 Kf7 25. a4 Ng4 26. Nf3 Ne3+ 27. Kd3 Nxg2 28. Kc4 g5 29. Kc5 Ke7 30. a5 g4 31. Nd4 f4 32. a6 bxa6 33. Nxc6+ Kd7 34. Nb8+ Ke7 35. Nxa6 f3 36. b4 f2 37. c4 f1=Q 0-1

[Event "Live Chess"]
[Site "Chess.com"]
[Date "2024.06.02"]
[Round "-"]
[White "chessgoatpawel"]
[Black "MagnersCarlsberg2870"]
[Result "1-0"]
[WhiteElo "2028"]
[BlackElo "1817"]
[TimeControl "300"]
[EndTime "1:31:05 PDT"]
[Termination "chessgoatpawel won by checkmate"]

1. e4 d6 2. d4 Nf6 3. Nc3 Nbd7 4. Bc4 e5 5. Nf3 h6 6. dxe5 dxe5 7.
Nxe5 Nxe5 8. Qxd8+ Kxd8 9. Bb3 Bb4 10. Bf4 Ng6 11. O-O-O+ Ke7 12. Bxc7 Bxc3 13. bxc3 Be6 14. Bd6+ Ke8 15. Ba4+ Bd7 16. Bxd7+ Nxd7 17. f4 Rc8 18. f5 Nge5 19. Rd5 f6 20. Rhd1 Rxc3 21. Bxe5 Nxe5 22. Rd8+ Ke7 23. Rxh8 Nc4 24. Rdd8 Re3 25. Rhe8+ Kf7 26. Re6 Re1+ 27. Rd1 Re2 28. c3 Rxa2 29. Rd7+ Kf8 30. Rc7 Ne5 31. Rd6 Ke8 32. Rxg7 Ra1+ 33. Kc2 Ra2+ 34.
Kb3 Rf2 35. Rxf6 Nd3 36. Rxh6 b5 37. Rh8# 1-0

[Event "Live Chess"]
[Site "Chess.com"]
[Date "2024.06.02"]
[Round "-"]
[White "Hoogleboogle"]
[Black "Crowded_House"]
[Result "1/2-1/2"]
[WhiteElo "1363"]
[BlackElo "1660"]
[TimeControl "300"]
[EndTime "1:31:30 PDT"]
[Termination "Game drawn - insufficient material"]

1. d4 e6 2. c4 d5 3. Nc3 c6 4. Bf4 Bd6 5. Bg3 b6 6. Nf3 Bb7 7. e4 dxe4 8. Nxe4 Bxg3 9. hxg3 c5 10. Neg5 h6 11. Nh3 cxd4 12. Nxd4 Nf6 13. Nf3 O-O 14. Be2 Nc6 15. O-O Qxd1 16. Raxd1 Rfd8 17. Rxd8+ Rxd8 18. Rd1 Rxd1+ 19. Bxd1 Nb4 20. a3 Nd3 21. b4 Bxf3 22. gxf3 Nd7 23. Bc2 N3e5 24. Kg2 Nxc4 25. Nf4 Nxa3 26. Ba4 Ne5 27. g4 Nac4 28. Bb5 a6 29.
Bxa6 Na3 30. b5 Nd7 31. Nd3 Nb8 32. Nb4 Nxa6 33. bxa6 Nb5 34. Nc6 Kf8 35. a7 Nxa7 36. Nxa7 Ke7 37. Kg3 Kd7 38. Nb5 Kc6 39. Nd4+ Kc5 40.
Nb3+ Kc4 41. Nd2+ Kc3 42. Nb1+ Kc2 43. Na3+ Kb3 44. Nb5 Kb4 45. Nd6 Kc5 46. Nxf7 b5 47. Ne5 b4 48. Nd3+ Kc4 49. Nxb4 Kxb4 50. Kf4 Kc5 51.
Ke5 Kc4 52. Kxe6 Kd3 53. f4 Ke4 54. f5 Kf4 55. f3 Kxf3 56. Kf7 Kf4 57. Kg6 Kxg4 58.
Kxg7 Kxf5 59. Kxh6 1/2-1/2